 Dungeon Crawl Stone Soup version 0.28-a0-674-gdaf460b524 (webtiles) character file.

Game seed: 15895064331741382510

16132 acebull12 the Thaumaturge (level 12, -10/88 HPs)
             Began as a Djinni Fire Elementalist on Oct 18, 2021.
             Was a Follower of Makhleb.
             Mangled by a cyan ugly thing (12 damage)
             ... on level 12 of the Dungeon.
             The game lasted 00:49:46 (16627 turns).

acebull12 the Thaumaturge (DjFE)                   Turns: 16627, Time: 00:49:47

Health: -10/88     AC:  7    Str: 11    XL:     12   Next: 66%
Gold:   872        EV: 16    Int: 18    God:    Makhleb [*.....] SH:  6 Dex: 22

rFire   + + .      SeeInvis .   y - +3 long sword "Conservator" {flame, rCorr Str+4 Int-2}
rCold   x . .      Faith    .   s - +0 buckler
rNeg    . . .      Spirit   .   M - +0 troll leather armour
rPois   ∞          Reflect  .   v - +0 helmet
rElec   .          Harm     .   J - scarf {repulsion}
rCorr   +          Rampage  .   n - +0 pair of gloves
Will    +....                   (boots unavailable)
Stlth   ++........              (no amulet)
HPRegen 1.24/turn               t - ring of resist corrosion
MPRegen 0.00/turn               A - +6 ring of dexterity

@: flying, repel missiles
A: sickness immunity, fire resistance 2, cold vulnerability 1, float, innate
caster, hp casting, extra vitality 1
a: Renounce Religion


You were on level 12 of the Dungeon.
You worshipped Makhleb.
Makhleb was aware of your devotion.
You visited 2 branches of the dungeon, and saw 13 of its levels.

You collected 872 gold pieces.

Inventory:

Hand Weapons
 g - a +0 falchion
 y - the +3 long sword "Conservator" (weapon) {flame, rCorr Str+4 Int-2}
   (You found it on level 5 of the Dungeon)

   It burns those it strikes, dealing additional fire damage.
   Big, fiery blades are also staple armaments of hydra-hunters.
   Str:       It affects your strength (+4).
   Int:       It affects your intelligence (-2).
   rCorr:     It protects you from acid and corrosion.
Missiles
 c - 470 stones
 L - 2 throwing nets
Armour
 e - a +0 cloak
 n - a +0 pair of gloves (worn)
 s - a +0 buckler (worn)
 v - a +0 helmet (worn)
 C - +0 steam dragon scales
 E - a +2 robe of willpower
 J - a scarf of repulsion (worn)
 M - a +0 troll leather armour (worn)
Jewellery
 j - a ring of protection from fire
 t - a ring of resist corrosion (left hand)
 A - a +6 ring of dexterity (right hand)
Wands
 i - a wand of iceblast (8)
 l - a wand of polymorph (14)
 q - a wand of flame (19)
 x - a wand of acid (5)
 G - a wand of digging (5)
Scrolls
 a - 4 scrolls of enchant weapon {unknown}
 d - a scroll of torment {unknown}
 f - 5 scrolls of enchant armour {unknown}
 p - a scroll of identify
 r - 2 scrolls of immolation {unknown}
 u - 4 scrolls of noise {unknown}
 w - 5 scrolls of magic mapping
 D - a scroll of teleportation {unknown}
 H - 2 scrolls of blinking {unknown}
 I - 2 scrolls of vulnerability {unknown}
 K - 2 scrolls of fear {unknown}
 N - a scroll of fog {unknown}
 Q - a scroll of brand weapon {unknown}
Potions
 b - 2 potions of cancellation
 h - 2 potions of heal wounds
 k - 2 potions of invisibility
 m - 5 potions of lignification
 o - 2 potions of curing
 z - 3 potions of might
 B - a potion of mutation {unknown}
 F - 2 potions of haste
 O - a potion of berserk rage {unknown}
 P - 2 potions of ambrosia {unknown}


   Skills:
 * Level 8.9 Fighting
 + Level 4.5 Long Blades
 + Level 3.7 Armour
 + Level 6.3 Dodging
 - Level 1.6 Stealth
 - Level 4.0 Shields
 + Level 11.9 Spellcasting


You had 7 spell levels left.
You knew the following spells:

 Your Spells              Type           Power      Damage    Failure   Level
a - Foxfire               Conj/Fire      100%       2x1d9     1%          1
b - Scorch                Fire           100%       2d10      1%          2
c - Conjure Flame         Conj/Fire      52%        6-21      1%          3
d - Inner Flame           Hex/Fire       52%        N/A       1%          3
e - Flame Wave            Conj/Fire      52%        3d10      1%          4
f - Magic Dart            Conj           100%       1d8       1%          1
g - Passwall              Tmut/Erth      43%        N/A       1%          2
h - Tukima's Dance        Hex            52%        N/A       1%          3
i - Olgreb's Toxic Radia  Pois           52%        N/A       1%          4
j - Animate Dead          Necr           26%        N/A       1%          4
Your spell library was empty.

Dungeon Overview and Level Annotations

Branches:
Dungeon (12/15)            Temple (1/1) D:7            Lair (0/6) D:8
    Orc (0/2) D:10

Altars:
Ashenzari
Cheibriados
Dithmenos
Elyvilon
Fedhas
Gozag
Hepliaklqana
Kikubaaqudgha
Makhleb
Nemelex Xobeh
Okawaru
Qazlal
Ru
Sif Muna
Trog
Uskayaw
Vehumet
Wu Jian
Xom
Yredelemnul
Zin
The Shining One

Shops:
D:3 :   D:6 *:   D:11 =

Portals:
Trove: D:10 (give +4 demon whip)

Annotations:
D:12 Frances


Innate Abilities, Weirdness & Mutations

You are immune to sickness and miasma.
You are immune to poison.
Your flesh is very heat resistant. (rF++)
You are vulnerable to cold. (rC-)
You float through the air rather than walking.
You learn spells naturally, not from books.
Your magical power is your life essence.
You have superior vitality. (+4 HP)


Message History

You conjure some foxfire!
The foxfire hits the cyan ugly thing.
The cyan ugly thing is moderately wounded.
The foxfire hits the cyan ugly thing.
The cyan ugly thing is moderately wounded.
The foxfire hits the cyan ugly thing.
The cyan ugly thing is moderately wounded.
You closely miss the cyan ugly thing.
The cyan ugly thing is moderately wounded.
The cyan ugly thing tentacle-slaps you! The cyan ugly thing shocks you!
You hit the cyan ugly thing. You burn the cyan ugly thing.
The cyan ugly thing is heavily wounded.
You block the cyan ugly thing's attack.
You closely miss the cyan ugly thing.
The cyan ugly thing is heavily wounded.
The cyan ugly thing tentacle-slaps you. The cyan ugly thing shocks you!
You slash the cyan ugly thing! You burn the cyan ugly thing.
The cyan ugly thing is heavily wounded.
The cyan ugly thing barely misses you.
You closely miss the cyan ugly thing.
The cyan ugly thing is heavily wounded.
The cyan ugly thing tentacle-slaps you but does no damage.
You block the cyan ugly thing's attack.
You hit the cyan ugly thing but do no damage.
The cyan ugly thing is heavily wounded.
The cyan ugly thing closely misses you.
You hit the cyan ugly thing but do no damage.
The cyan ugly thing is heavily wounded.
The cyan ugly thing tentacle-slaps you. The cyan ugly thing shocks you!
You hit the cyan ugly thing. You burn the cyan ugly thing.
The cyan ugly thing is heavily wounded.
The cyan ugly thing tentacle-slaps you!
* * * LOW HITPOINT WARNING * * *
The cyan ugly thing shocks you!
* * * LOW HITPOINT WARNING * * *
The cyan ugly thing tentacle-slaps you but does no damage.
There is an open door here.
The cyan ugly thing tentacle-slaps you!
* * * LOW HITPOINT WARNING * * *
The cyan ugly thing shocks you!
You die...

+.....#
#.....#
#.....#
#'#####
#.....#
#####.#
#.#
######u##
#.....@.#
#.......#
+.......#
#.......#
###'#####
#.# #.#
##.#
##..#


You could see a cyan ugly thing.

Vanquished Creatures
  Nessos (D:12)
  Harold (D:8)
  3 two-headed ogres
  Pikel (D:7)
  A manticore (D:8)
  A cyclops (shapeshifter) (D:10)
  Maurice (D:8)
  An unseen horror (D:11)
  2 gargoyles
  Psyche (D:8)
  Maggie (D:10)
  3 trolls
  Grinder (D:4)
  Sigmund (D:6)
  A vampire (D:9)
  Eustachio (D:4)
  20 yaks
  11 vampire mosquitoes
  3 wargs
  2 water moccasins (D:6)
  Duvessa (D:5)
  An orc warrior (D:9)
  An ice beast (D:6)
  3 ogres (D:6)
  13 centaurs
  A phantom (D:5)
  4 lemures (D:7)
  2 gnoll sergeants
  7 bullfrogs
  2 wyvern zombies
  Dowan (D:5)
  A scorpion (D:5)
  A water moccasin skeleton (D:5)
  5 wights (D:9)
  3 howler monkeys
  A bullfrog zombie (D:5)
  2 centaur zombies
  3 jellies
  3 orc priests
  4 hounds
  2 iguanas
  4 orc wizards
  A killer bee zombie (D:5)
  A hound skeleton (D:3)
  2 howler monkey zombies
  14 gnolls
  A howler monkey skeleton (D:6)
  6 adders
  A white imp (D:7)
  An ufetubus (D:5)
  3 worms
  3 dart slugs
  16 orcs
  5 bats
  4 endoplasms
  3 giant cockroaches
  4 goblins
  5 hobgoblins
  2 jackals (D:5)
  A quokka (D:1)
  6 ball pythons
  5 frilled lizards
  3 kobolds
  6 rats
  9 bushes (D:10)
224 creatures vanquished.

Vanquished Creatures (collateral kills)
  2 yaks (D:12)
  Blork the orc (D:5)
  2 howler monkeys (D:10)
  An orc (D:5)
  2 foxfires
8 creatures vanquished.

Vanquished Creatures (others)
  A dancing weapon (D:8)
  An orc (D:8)
  916 foxfires
  3 plants (D:8)
921 creatures vanquished.

Grand Total: 1153 creatures vanquished

Notes
Turn   | Place    | Note
-------+----------+-------------------------------------------
     0 | D:1      | acebull12 the Djinni Fire Elementalist began the quest for
                  | the Orb.
     0 | D:1      | Reached XP level 1. HP: 15/15 MP: 0/0
   394 | D:1      | Reached XP level 2. HP: 19/21 MP: 0/0
  1312 | D:2      | Reached XP level 3. HP: 19/26 MP: 0/0
  1312 | D:2      | Learned a level 1 spell: Magic Dart
  1366 | D:2      | Reached skill level 3 in Spellcasting
  1378 | D:2      | Reached XP level 4. HP: 16/31 MP: 0/0
  1528 | D:2      | Found a faded altar of an unknown god.
  1616 | D:2      | Prayed at the altar of an unknown god.
  1616 | D:2      | Became a worshipper of Elyvilon the Healer
  1616 | D:2      | Reached * piety under Elyvilon
  1617 | D:2      | Fell from the grace of Elyvilon
  1693 | D:2      | Reached skill level 1 in Fighting
  2665 | D:3      | Reached XP level 5. HP: 27/37 MP: 0/0
  2665 | D:3      | Learned a level 2 spell: Passwall
  2667 | D:3      | Reached skill level 4 in Spellcasting
  2963 | D:3      | Found an opulent altar of Gozag.
  3041 | D:3      | HP: 1/37 [worm (7)]
  3420 | D:3      | Found Gamisode's Book Shop.
  3813 | D:4      | Reached XP level 6. HP: 38/42 MP: 0/0
  3887 | D:4      | Noticed Eustachio
  3896 | D:4      | Killed Eustachio
  3897 | D:4      | Reached skill level 1 in Shields
  4182 | D:4      | Reached XP level 7. HP: 43/49 MP: 0/0
  4182 | D:4      | Learned a level 3 spell: Tukima's Dance
  4296 | D:4      | Found a white marble altar of Elyvilon.
  4405 | D:4      | Noticed Grinder
  4420 | D:4      | Killed Grinder
  4421 | D:4      | Reached skill level 1 in Long Blades
  4421 | D:4      | Reached skill level 5 in Spellcasting
  5130 | D:4      | Found a basalt altar of Yredelemnul.
  5166 | D:5      | Entered Level 5 of the Dungeon
  5505 | D:5      | Reached XP level 8. HP: 51/56 MP: 0/0
  5596 | D:5      | Noticed Blork the orc
  5606 | D:5      | Killed Blork the orc
  5871 | D:5      | Identified the +3 long sword "Conservator" {flame, rCorr
                  | Str+4 Int-2}
  5995 | D:5      | Found a shadowy altar of Dithmenos.
  6308 | D:5      | Reached skill level 6 in Spellcasting
  6758 | D:5      | Noticed Duvessa
  6759 | D:5      | Noticed Dowan
  6765 | D:5      | Killed Duvessa
  6767 | D:5      | Killed Dowan
  7154 | D:6      | Found Wuvimnuq's Book Boutique.
  7289 | D:6      | Reached XP level 9. HP: 59/62 MP: 0/0
  7289 | D:6      | Learned a level 4 spell: Olgreb's Toxic Radiance
  7377 | D:6      | Found a bloodstained altar of Trog.
  7598 | D:6      | Reached skill level 7 in Spellcasting
  7748 | D:6      | Noticed a gargoyle
  8281 | D:6      | Found an iron altar of Okawaru.
  8370 | D:6      | Noticed Sigmund
  8375 | D:6      | Killed Sigmund
  8541 | D:6      | Found a sparkling altar of Nemelex Xobeh.
  8571 | D:6      | Found a shimmering altar of Xom.
  8692 | D:6      | Killed a gargoyle
  8693 | D:6      | Reached skill level 5 in Fighting
  8693 | D:6      | Reached skill level 8 in Spellcasting
  8887 | D:6      | Found Xoru's Serpentskin Sales.
  9183 | D:7      | Found a staircase to the Ecumenical Temple.
  9188 | D:7      | Noticed Pikel
  9198 | D:7      | Reached XP level 10. HP: 37/70 MP: 0/0
  9198 | D:7      | Killed Pikel
  9396 | Temple   | Entered the Ecumenical Temple
  9712 | D:7      | Noticed a two-headed ogre
  9722 | D:7      | Killed a two-headed ogre
  9723 | D:7      | Reached skill level 9 in Spellcasting
 10799 | D:8      | Noticed Psyche
 10892 | D:8      | Noticed a gargoyle
 11089 | D:8      | Noticed Maurice
 11097 | D:8      | Killed Maurice
 11643 | D:8      | Noticed a manticore
 11655 | D:8      | Killed a manticore
 11656 | D:8      | Reached skill level 10 in Spellcasting
 11656 | D:8      | Reached XP level 11. HP: 46/78 MP: 0/0
 11656 | D:8      | Learned a level 4 spell: Animate Dead
 11660 | D:8      | Noticed Harold
 11902 | D:8      | Found a staircase to the Lair.
 11911 | D:8      | Killed Psyche
 12200 | D:8      | Killed Harold
 12201 | D:8      | Reached skill level 5 in Dodging
 12749 | D:8      | Found a snail-covered altar of Cheibriados.
 12860 | D:8      | Found a glowing golden altar of the Shining One.
 13914 | D:9      | Found a burning altar of Makhleb.
 13922 | D:9      | Became a worshipper of Makhleb the Destroyer
 14102 | D:10     | Entered Level 10 of the Dungeon
 14138 | D:10     | Noticed Maggie
 14233 | D:10     | Killed Maggie
 14234 | D:10     | Was forgiven by Elyvilon
 14234 | D:10     | Reached skill level 1 in Armour
 14317 | D:10     | Found a blossoming altar of Fedhas.
 14365 | D:10     | Noticed a cyclops
 14377 | D:10     | Killed a cyclops
 14385 | D:10     | Reached skill level 11 in Spellcasting
 14467 | D:10     | Found a broken altar of Ashenzari.
 14786 | D:10     | Found a portal to a secret trove of treasure.
 14887 | D:10     | Found a staircase to the Orcish Mines.
 15068 | D:11     | Reached * piety under Makhleb
 15075 | D:11     | Reached XP level 12. HP: 60/86 MP: 0/0
 15153 | D:11     | Noticed a two-headed ogre
 15468 | D:11     | Killed a two-headed ogre
 15776 | D:11     | Found Jafed's Jewellery Emporium.
 15973 | D:12     | Noticed Nessos
 16051 | D:12     | Killed Nessos
 16297 | D:12     | Noticed a two-headed ogre
 16316 | D:12     | Killed a two-headed ogre
 16420 | D:12     | Noticed Frances
 16443 | D:12     | HP: 3/88 [Frances/iron shot (38)]
 16447 | D:12     | Noticed a sun demon
 16619 | D:12     | HP: 4/88 [cyan ugly thing (15)]
 16627 | D:12     | HP: 2/88 [cyan ugly thing (12)]
 16627 | D:12     | Mangled by a cyan ugly thing

Illustrated notes

Levels and vault maps discovered:
D:1:      minmay_arrival_up_and_down, layout_rooms, serial_park_tiny_2
D:2:      layout_basic, shapermc_ecumenical_altar_gd, kennysheep_generic_room_10
D:3:      layout_loops_cross, mainiacjoe_overflow_concentric_impassable,
          serial_shops, shop, cheibrodos_gnoll_hut
D:4:      layout_loops_cross, mainiacjoe_overflow_cross_hatched,
          marbit_many_paths, uniq_grinder, uniq_eustachio
D:5:      layout_layer_cave, grunt_dithmenos_smoke_and_mirrors,
          uniq_blork_the_orc, uniq_duvessa
D:6:      layout_cave_pods, mainiacjoe_overflow_alcove_1,
          mainiacjoe_overflow_big_doors, mainiacjoe_overflow_alcove_4,
          serial_shops, nicolae_stop_n_shop_1, minivault_10,
          guppyfry_shop_venom, uniq_sigmund
D:7:      layout_loops_ring, minmay_temple_entry_sparse_star, uniq_pikel
D:8:      minmay_cornered_nines, layout_loops_ring,
          nicolae_tso_swordbearing_angel, kennysheep_little_box,
          erik_lair_orcish_takeover, minmay_microvault, uniq_harold,
          uniq_maurice, uniq_psyche
D:9:      layout_roguey, mainiacjoe_overflow_surrounded_room
D:10:     layout_loops_ring, fedhas_bush_and_centaur_altar,
          mainiacjoe_overflow_small_starburst, orc_0_dummy,
          nicolae_trove_entry_crystal, nicolae_wwwww, uniq_maggie
D:11:     minmay_sliced_demisemicircle, layout_long_grid, serial_shops,
          kennysheep_mini
D:12:     layout_roguey, uniq_rupert, uniq_nessos, uniq_frances
Temple:   grunt_temple_mini_profane

Skill      XL: |  1  2  3  4  5  6  7  8  9 10 11 12 |
---------------+-------------------------------------+-----
Spellcasting   | 3 4 5 6 8 10 11 | 11.9
Fighting       | 1 2 3 5 6 7 8 |  8.9
Shields        | 1 2 3 4 |  4.0
Long Blades    | 1 2 3 4 |  4.5
Dodging        | 3 4 5 6 |  6.3
Armour         | 2 3 |  3.7
Stealth        | |  1.6

Action                   |  1- 3 |  4- 6 |  7- 9 | 10-12 || total
-------------------------+-------+-------+-------+-------++-------
Melee: Falchion          |     7 |    11 |    20 |       ||    38
       Long sword        |       |       |     6 |    45 ||    51
 Cast: Foxfire           |    51 |   104 |   247 |   177 ||   579
       Magic Dart        |       |     4 |     1 |     3 ||     8
       Passwall          |       |     3 |       |       ||     3
       Tukima's Dance    |       |       |     8 |     7 ||    15
       Flame Wave        |       |       |     6 |    47 ||    53
       Olgreb's Toxic Ra |       |       |     2 |    20 ||    22
       Conjure Flame     |       |       |       |     1 ||     1
       Animate Dead      |       |       |       |     2 ||     2
Invok: Renounce Religion |       |     1 |       |       ||     1
  Use: Scroll            |       |       |     6 |     5 ||    11
       Potion            |       |       |       |     3 ||     3
 Stab: Sleeping          |     1 |       |       |     1 ||     2
Armor: Robe              |     2 |     2 |     6 |     7 ||    17
       Troll leather arm |       |       |       |    21 ||    21
Dodge: Dodged            |     5 |    14 |    33 |   112 ||   164
       Repelled          |       |       |       |     5 ||     5
Block: Buckler           |       |       |       |    46 ||    46

Table legend: (Time is in decaauts)
 A = Elapsed time spent in this place.
 B = Non-inter-level travel time spent in this place.
 C = Inter-level travel time spent in this place.
 D = Time resting spent in this place.
 E = Time spent auto-exploring this place.
 F = Levels seen in this place.
 G = Mean time per level.
                   A        B        C        D        E       F      G
               +--------+--------+--------+--------+--------+-----+--------+
         Total |  16651 |  15591 |   1060 |   3886 |   9665 |  13 | 1280.8 |
       Dungeon |  16442 |  15405 |   1037 |   3886 |   9480 |  12 | 1370.2 |
        Temple |    209 |    186 |     23 |      0 |    185 |   1 |  209.0 |
               +--------+--------+--------+--------+--------+-----+--------+

Top non-repeatable levels by time:
     D:5: 2155 daAuts
     D:7: 2044 daAuts
     D:6: 1849 daAuts
     D:8: 1731 daAuts
     D:4: 1548 daAuts
     D:3: 1313 daAuts
     D:2: 1249 daAuts
     D:1: 1177 daAuts
    D:11: 1058 daAuts
     D:9: 969 daAuts
    D:10: 820 daAuts
    D:12: 526 daAuts
  Temple: 209 daAuts
